 Dungeon Crawl Stone Soup version 0.20.0-14-g326068f (webtiles) character file.

8788 Monsterracer the Geomancer (level 11, -16/96 HPs)
             Began as a Deep Dwarf Earth Elementalist on June 8, 2017.
             Was an Elder of Makhleb.
             Demolished by Snorg (21 damage)
             ... on level 10 of the Dungeon.
             The game lasted 00:44:52 (13132 turns).

Monsterracer the Geomancer (DDEE)                  Turns: 13132, Time: 00:44:53

Health: -16/96     AC: 11    Str: 12    XL:     11   Next: 14%
Magic:  2/19       EV: 15    Int: 19    God:    Makhleb [****..]
Gold:   626        SH:  0    Dex: 13    Spells: 3/21 levels left

rFire    + . .     SeeInvis .   d - staff of earth
rCold    . . .     Gourm    .   (no shield)
rNeg     . . .     Faith    .   E - +1 steam dragon scales
rPois    .         Spirit   .   (helmet restricted)
rElec    .         Reflect  .   (no cloak)
rCorr    .         Harm     .   l - +2 pair of gloves
MR       +....     Clarity  +   v - +1 pair of boots
Stlth    ++........             (no amulet)
Regen    0.0/turn               r - +2 ring of slaying
MPRegen  0.2/turn               F - ring of protection from fire

@: very slightly contaminated, non-regenerating
A: damage resistance, heal wounds, horns 1, clarity, sense surroundings 2, no
regeneration
a: Heal Wounds, Minor Destruction, Lesser Servant of Makhleb, Major Destruction,
Renounce Religion


You were on level 10 of the Dungeon.
You worshipped Makhleb.
Makhleb was greatly pleased with you.
You were hungry.

You visited 2 branches of the dungeon, and saw 11 of its levels.

You collected 626 gold pieces.

Inventory:

Missiles
 b - 155 stones (quivered)
Armour
 l - a +2 pair of gloves (worn)
 s - a +0 buckler
 v - a +1 pair of boots (worn)
 E - +1 steam dragon scales (worn)
Magical Staves
 d - an uncursed staff of earth (weapon)
Jewellery
 r - a +2 ring of slaying (left hand)
 t - an uncursed ring of positive energy
 F - a ring of protection from fire (right hand)
Wands
 h - a wand of lightning (3/15)
 m - a wand of acid (8/15)
 y - a wand of lightning (11/15)
 C - a wand of scattershot (7/9)
Scrolls
 g - 2 scrolls of fear
 i - 6 scrolls of identify
 j - 2 scrolls of immolation
 n - 2 scrolls of fog
 o - 4 scrolls of teleportation
 u - 4 scrolls of magic mapping
 w - a scroll of blinking
 z - a scroll of remove curse
 B - a scroll of recharging
Potions
 a - 2 potions of might
 c - a potion of curing
 q - 5 potions of lignification
 A - a potion of brilliance
Books
 e - a book of Geomancy

   Spells                             Type                      Level
   a - Sandblast                      Earth                        1
   b - Passwall                       Transmutation/Earth          2
   c - Stone Arrow                    Conjuration/Earth            3
   d - Petrify                        Transmutation/Earth          4
   e - Lee's Rapid Deconstruction     Earth                        5
 p - a book of Necromancy

   Spells                             Type                      Level
   a - Pain                           Necromancy                   1
   b - Animate Skeleton               Necromancy                   1
   c - Vampiric Draining              Necromancy                   3
   d - Regeneration                   Charms/Necromancy            3
   e - Animate Dead                   Necromancy                   4
   f - Control Undead                 Necromancy                   4
Comestibles
 f - 7 meat rations
 k - 9 fruits
 x - 6 bread rations
 D - a royal jelly


   Skills:
 + Level 5.2 Fighting
 + Level 4.0 Staves
 + Level 6.5 Dodging
 - Level 2.4 Stealth
 + Level 5.9 Spellcasting
 - Level 2.0 Conjurations
 - Level 5.0 Necromancy
 - Level 0.8 Transmutations
 * Level 13.6 Earth Magic
 + Level 7.2 Invocations


You had 3 spell levels left.
You knew the following spells:

 Your Spells              Type           Power        Failure   Level  Hunger
a - Sandblast             Erth           ######       1%          1    None
b - Passwall              Tmut/Erth      #####.....   1%          2    None
c - Stone Arrow           Conj/Erth      ######       1%          3    ##.....
d - Lee's Rapid Deconstr  Erth           ######....   1%          5    #####..
e - Petrify               Tmut/Erth      #####...     5%          4    ####...
f - Vampiric Draining     Necr           ###.......   4%          3    ##.....


Dungeon Overview and Level Annotations

Branches:
Dungeon (10/15)            Temple (1/1) D:4            Lair (0/6) D:9
    Orc (0/2) D:9

Altars:
Ashenzari
Cheibriados
Dithmenos
Elyvilon
Fedhas
Gozag
Hepliaklqana
Kikubaaqudgha
Makhleb
Nemelex Xobeh
Okawaru
Qazlal
Ru
Sif Muna
Trog
Uskayaw
Vehumet
Xom
Yredelemnul
Zin
The Shining One

Annotations:
D:10 Snorg


Innate Abilities, Weirdness & Mutations

You are resistant to damage.
You can heal yourself by infusing magical energy.
You passively map the area around you.
You do not regenerate.
You have a pair of small horns on your head.
You possess an exceptional clarity of mind.


Message History

Snorg claws you but does no damage. Snorg barely misses you.
Press: ? - help, Shift-Dir - straight line, f/p - Snorg
Aim: Snorg (severely wounded, berserk, fast, unusually strong)
The zap hits Snorg.
Snorg is severely wounded.
Snorg completely misses you. Snorg misses you. Snorg closely misses you.
Press: ? - help, Shift-Dir - straight line, f/p - Snorg
Aim: Snorg (severely wounded, berserk, fast, unusually strong)
The orb of electricity explodes!
The orb of electricity engulfs Snorg.
Snorg is severely wounded.
The orb of electricity engulfs you!
* * * LOW HITPOINT WARNING * * *
Snorg bites you.
* * * LOW HITPOINT WARNING * * *
Snorg claws you!
* * * LOW HITPOINT WARNING * * *
Snorg claws you!
* * * LOW HITPOINT WARNING * * *
Snorg bites you!!
You die...

#.........+,
**#.......
#......<..#
* #.......
#.........#
#.......
#.........#
#.......
#.........#
#.......
#######'###
#...)...
##.#
#.......
#..#
#......>
#@## #####+#
#T# ,
#####'### *
* #.......#
, #.......#
#!......# ,
#.......# *
, ,
#.......+ *
, ,
#.......# **
,, ,


You could see Snorg (berserk).

Vanquished Creatures
  Erolcha (D:10)
  2 two-headed ogres
  An unseen horror (D:10)
  Joseph (D:10)
  A troll (D:9)
  5 yaks (D:9)
  A steam dragon (D:7)
  A water moccasin (D:6)
  An orc warrior (D:6)
  An eye of draining (D:10)
  2 ice beasts (D:6)
  2 phantoms
  3 wolves
  4 ogres
  2 centaurs
  A crocodile (D:9)
  5 bullfrogs
  A big kobold (D:10)
  A gnoll sergeant (D:9)
  3 scorpions
  10 killer bees
  7 wights
  2 electric eels
  2 howler monkeys (D:9)
  7 crimson imps
  3 lava snakes (D:9)
  A bullfrog zombie (D:9)
  2 quasits (D:9)
  3 centaur zombies
  2 jellies
  An orc priest (D:6)
  4 hounds (D:9)
  2 centaur skeletons (D:8)
  6 iguanas
  Ijyb (D:5)
  6 orc wizards
  8 worker ants
  2 hound skeletons
  A howler monkey skeleton (D:3)
  2 worker ant zombies
  14 gnolls
  11 adders
  2 shadow imps
  An ooze (D:2)
  2 worms
  3 dart slugs
  13 leopard geckos
  29 orcs
  3 ball pythons
  8 bats
  5 giant cockroaches
  11 goblins
  10 hobgoblins
  7 jackals
  4 quokkas
  A ball python zombie (D:5)
  4 frilled lizards
  9 kobolds
  A leopard gecko skeleton (D:7)
  A leopard gecko zombie (D:9)
  A quokka skeleton (D:5)
  6 rats
  A fungus (D:8)
258 creatures vanquished.

Vanquished Creatures (others)
  A bullfrog skeleton (D:7)
  A hound skeleton (D:4)
  5 plants (D:9)
7 creatures vanquished.

Grand Total: 265 creatures vanquished

Notes
Turn   | Place    | Note
-------+----------+-------------------------------------------
     0 | D:1      | Monsterracer the Deep Dwarf Earth Elementalist began the quest for the Orb.
     0 | D:1      | Reached XP level 1. HP: 15/15 MP: 3/3
   218 | D:1      | Reached XP level 2. HP: 22/22 MP: 3/5
   223 | D:1      | Learned a level 2 spell: Passwall
   506 | D:1      | Reached skill level 5 in Earth Magic
  1049 | D:1      | Reached XP level 3. HP: 20/28 MP: 4/6
  1054 | D:1      | Learned a level 3 spell: Stone Arrow
  2057 | D:1      | Reached skill level 6 in Earth Magic
  2057 | D:1      | Reached XP level 4. HP: 13/36 MP: 2/7
  3018 | D:3      | Reached skill level 1 in Conjurations
  3018 | D:3      | Reached XP level 5. HP: 23/42 MP: 9/9
  3247 | D:3      | Reached skill level 7 in Earth Magic
  3756 | D:4      | Learned a level 2 spell: Passwall
  3811 | D:4      | Found a staircase to the Ecumenical Temple.
  3820 | Temple   | Entered the Ecumenical Temple
  3912 | Temple   | Became a worshipper of Makhleb the Destroyer
  4435 | D:4      | Reached XP level 6. HP: 49/49 MP: 0/10
  4790 | D:5      | Entered Level 5 of the Dungeon
  4797 | D:5      | Learned a level 5 spell: Lee's Rapid Deconstruction
  4896 | D:5      | Reached skill level 8 in Earth Magic
  5109 | D:5      | Reached XP level 7. HP: 42/55 MP: 9/12
  5128 | D:5      | Noticed Ijyb
  5135 | D:5      | Killed Ijyb
  5435 | D:5      | Reached skill level 1 in Invocations
  5446 | D:5      | Reached * piety under Makhleb
  5716 | D:5      | Reached skill level 1 in Fighting
  5716 | D:5      | Reached skill level 9 in Earth Magic
  6482 | D:6      | Reached XP level 8. HP: 38/64 MP: 8/14
  6632 | D:6      | Learned a level 3 spell: Vampiric Draining
  6899 | D:6      | Reached skill level 10 in Earth Magic
  7042 | D:6      | Reached skill level 1 in Necromancy
  7110 | D:6      | Reached ** piety under Makhleb
  7797 | D:7      | Gained mutation: You possess an exceptional clarity of mind. [potion of mutation]
  7797 | D:7      | Gained mutation: You have a pair of small horns on your head. [potion of mutation]
  7962 | D:7      | Gained mutation: You passively map the area around you. [Deep Dwarf growth]
  7962 | D:7      | Reached XP level 9. HP: 32/75 MP: 2/15
  8396 | D:7      | Reached skill level 11 in Earth Magic
  9307 | D:8      | Reached skill level 1 in Staves
  9789 | D:9      | Found a staircase to the Orcish Mines.
  9791 | D:9      | Reached *** piety under Makhleb
  9984 | D:9      | Noticed a two-headed ogre
 10085 | D:9      | Noticed a troll
 10089 | D:9      | Killed a troll
 10089 | D:9      | Reached skill level 5 in Invocations
 10195 | D:9      | Noticed a two-headed ogre
 10233 | D:8      | Killed a two-headed ogre
 10233 | D:8      | Reached skill level 5 in Dodging
 10233 | D:8      | Reached skill level 5 in Spellcasting
 10233 | D:8      | Reached skill level 12 in Earth Magic
 10303 | D:8      | Reached XP level 10. HP: 34/85 MP: 7/17
 10412 | D:8      | Learned a level 4 spell: Petrify
 10641 | D:9      | Found a staircase to the Lair.
 10835 | D:9      | Killed a two-headed ogre
 11958 | D:9      | Reached skill level 13 in Earth Magic
 12193 | D:10     | Entered Level 10 of the Dungeon
 12372 | D:10     | Noticed Joseph
 12471 | D:10     | Killed Joseph
 12471 | D:10     | Reached **** piety under Makhleb
 12471 | D:10     | Reached skill level 5 in Necromancy
 12838 | D:10     | Reached skill level 5 in Fighting
 12848 | D:10     | Noticed Erolcha
 12915 | D:10     | Killed Erolcha
 12915 | D:10     | Reached XP level 11. HP: 94/94 MP: 6/19
 13017 | D:10     | Killed an unseen horror
 13104 | D:10     | Noticed Snorg
 13132 | D:10     | Demolished by Snorg

Skill      XL: |  1  2  3  4  5  6  7  8  9 10 11 |
---------------+----------------------------------+-----
Spellcasting   | 2 3 4 5 |  5.9
Earth Magic    | 5 6 7 8 9 10 12 13 | 13.6
Conjurations   | 1 2 |  2.0
Invocations    | 2 4 5 7 |  7.2
Fighting       | 1 3 4 5 |  5.2
Dodging        | 3 4 5 6 |  6.5
Necromancy     | 2 3 5 |  5.0
Staves         | 2 3 4 |  4.0
Stealth        | |  2.4
Transmutations | |  0.8

Action                   |  1- 3 |  4- 6 |  7- 9 | 10-12 || total
-------------------------+-------+-------+-------+-------++-------
Melee: Unarmed           |     2 |       |       |       ||     2
       Dagger            |    25 |   158 |     4 |       ||   187
       Mace              |     6 |    15 |       |       ||    21
       Flail             |       |     1 |       |       ||     1
       Staff             |       |       |    33 |   167 ||   200
       Headbutt          |       |       |     5 |    35 ||    40
 Cast: Sandblast         |    37 |    13 |    58 |    28 ||   136
       Stone Arrow       |     7 |    19 |    67 |    32 ||   125
       Passwall          |       |     2 |     1 |     1 ||     4
       Lee's Rapid Decon |       |     1 |     7 |     5 ||    13
       Vampiric Draining |       |       |    14 |    18 ||    32
       Petrify           |       |       |       |     9 ||     9
Invok: Major Destruction |       |       |       |     2 ||     2
       Minor Destruction |       |       |       |     1 ||     1
 Abil: Heal Wounds       |       |     1 |     1 |       ||     2
Evoke: Wand              |       |       |       |     1 ||     1
  Use: Potion            |     4 |     1 |     3 |       ||     8
       Scroll            |       |     7 |     8 |       ||    15
 Stab: Sleeping          |     2 |     7 |     1 |       ||    10
       Distracted        |     1 |     1 |     1 |     3 ||     6
       Petrified         |       |       |       |    28 ||    28
       Petrifying        |       |       |       |     1 ||     1
  Eat: Chunk             |     5 |    12 |    22 |    14 ||    53
       Bread ration      |       |     1 |       |       ||     1
       Fruit             |       |       |     3 |       ||     3
Armor: Robe              |    13 |    47 |     5 |       ||    65
       Steam dragon scal |       |       |    14 |    56 ||    70
Dodge: Dodged            |    33 |   128 |    75 |   132 ||   368
